Map: Para Site LE

Players

JeranRyvoan - Winner!

  • Race: Protoss Protoss
  • Spawn Location: 5:00

VOD

Have the link to the VOD?

Description

Time

  • Played on: Nov. 29, 2018, 11:54 a.m.
  • Length: 26:19
Show
View Real Time Build Order
Export as new Build Order

JeranRyvoan Protoss - Winner!

Build Orders:  

Get SALT Encoding   

  12  0:06  Probe (Chrono Boost)  
  13  0:23  Probe (Chrono Boost)  
  13  0:29  Assimilator  
  14  0:36  Pylon  
  14  0:45  Probe (Chrono Boost)  
  15  1:04  Probe (Chrono Boost)  
  16  1:11  Gateway  
  17  1:21  Probe (Chrono Boost)  
  17  1:38  Probe (Chrono Boost)  
  18  1:59  Nexus  
  18  2:12  Probe (Chrono Boost)  
  18  2:19  Zealot  
  21  2:29  Probe (Chrono Boost)  
  22  2:31  Pylon  
  22  2:46  Probe (Chrono Boost)  
  23  2:51  Gateway  
  23  3:03  Probe (Chrono Boost)  
  24  3:14  Gateway  
  24  3:15  Gateway  
  24  3:22  Zealot  
  26  3:57  Zealot  
  28  4:07  Probe x2 (Chrono Boost)  
  30  4:22  Zealot  
  30  4:23  Zealot x2  
  30  4:24  Probe x2 (Chrono Boost)  
  38  4:38  Zealot  
  42  5:00  Probe x2 (Chrono Boost)  
  42  5:02  Zealot  
  42  5:03  Zealot  
  46  5:18  Pylon  
  46  5:20  Pylon  
  46  5:43  Zealot x2  
  46  5:46  Probe x2 (Chrono Boost), Gateway  
  52  5:57  Zealot  
  52  5:59  Zealot  
  56  6:03  Probe x2 (Chrono Boost)  
  58  6:21  Pylon  
  58  6:22  Pylon, Zealot x2  
  62  6:46  Zealot  
  62  6:48  Probe x2 (Chrono Boost)  
  66  6:55  Zealot  
  66  6:56  Zealot  
  70  7:05  Probe x2 (Chrono Boost)  
  72  7:22  Probe (Chrono Boost)  
  63  7:40  Zealot x4  
  63  7:41  Zealot  
  63  7:45  Probe x2 (Chrono Boost)  
  70  8:02  Probe (Chrono Boost)  
  70  8:18  Zealot  
  72  8:20  Zealot x3  
  78  8:36  Pylon  
  78  8:38  Pylon x2  
  78  8:40  Pylon  
  78  8:41  Pylon  
  78  8:43  Pylon  
  78  8:49  Zealot  
  78  8:56  Zealot  
  78  8:58  Zealot  
  78  9:00  Zealot  
  78  9:01  Zealot  
  80  9:18  Probe x2 (Chrono Boost)  
  82  9:27  Zealot  
  84  9:34  Zealot  
  84  9:35  Probe x2 (Chrono Boost)  
  84  9:36  Zealot  
  84  9:38  Nexus  
  90  9:52  Zealot  
  90  9:53  Zealot  
  96  10:05  Zealot  
  96  10:12  Zealot  
  96  10:14  Zealot  
  100  10:23  Gateway  
  100  10:27  Gateway  
  100  10:30  Zealot  
  100  10:31  Zealot  
  100  10:32  Gateway x2  
  104  10:43  Zealot  
  80  11:19  Zealot x4  
  80  11:21  Zealot  
  80  11:22  Unknown  
  78  12:05  Zealot x5  
  78  12:06  Zealot x4  
  88  12:35  Probe (Chrono Boost)  
  88  12:38  Probe x2 (Chrono Boost), Zealot x6  
  88  12:39  Zealot  
  91  12:40  Zealot x2  
  109  12:52  Probe (Chrono Boost)  
  109  12:55  Probe x2 (Chrono Boost)  
  112  13:07  Zealot x6  
  112  13:08  Zealot x3  
  130  13:44  Zealot  
  130  13:45  Zealot x4  
  140  13:59  Pylon  
  140  14:01  Pylon x2  
  140  14:05  Pylon  
  140  14:08  Pylon x2  
  140  14:10  Pylon  
  140  14:11  Pylon  
  140  14:24  Zealot x4  
  140  14:26  Zealot x5  
  146  15:02  Zealot x4  
  146  15:04  Zealot x5  
  106  15:40  Zealot x4  
  106  15:42  Zealot x5  
  110  16:18  Zealot x4  
  116  16:20  Zealot x4  
  116  16:25  Unknown  
  118  16:50  Zealot  
  118  16:56  Zealot x4  
  118  16:58  Zealot x4  
  134  17:28  Zealot  
  134  17:34  Zealot x4  
  134  17:36  Zealot x4  
  116  17:56  Zealot  
  116  18:01  Zealot x5  
  116  18:02  Zealot x2  
  116  18:03  Zealot  
  134  18:30  Zealot  
  134  18:36  Zealot x4  
  134  18:38  Zealot x4  
  145  19:08  Zealot  
  127  19:14  Zealot x3  
  127  19:16  Zealot  
  127  19:21  Nexus  
  125  19:36  Zealot x2  
  125  19:37  Zealot x2  
  133  19:46  Zealot  
  135  19:52  Zealot x3  
  135  19:55  Unknown  
  141  20:07  Zealot  
  143  20:14  Zealot x2  
  143  20:15  Zealot  
  143  20:17  Unknown  
  145  20:57  Zealot x3  
  133  21:02  Zealot  
  129  21:19  Zealot  
  123  21:20  Zealot  
  123  21:51  Unknown  
  121  22:27  Zealot x3  
  121  22:28  Zealot x4  
  113  23:11  Zealot x4  
  113  23:12  Zealot x3  
  117  23:46  Zealot  
  117  23:47  Zealot  
  117  23:49  Zealot x3  
  117  24:17  Nexus  
  117  24:33  Zealot x3  
  123  24:44  Zealot x2  
  126  25:20  Probe (Chrono Boost)  
  126  25:21  Probe x2 (Chrono Boost)  
  126  25:24  Zealot  
  126  25:29  Zealot x2  
  132  25:31  Zealot  
  132  25:37  Probe (Chrono Boost)  
  132  25:38  Probe x2 (Chrono Boost)  
  137  25:54  Probe (Chrono Boost)  
  137  25:55  Probe (Chrono Boost)  
Tags
 
Add a new tag
Caveats
  • Supply blocks, unpowered buildings, or Contaminate may cause inaccurate times.
  • Supply counts are checked every 10 seconds.